 Dungeon Crawl Stone Soup version 0.30.1-9-gdf580d7c3d (webtiles) character file.

Game seed: 10746502551123192315

485 Zalbag the Magician (level 7, -1/47 HPs)
             Began as a Djinni Fire Elementalist on Oct 25, 2023.
             Slain by a gnoll
             ... wielding a +0 spear
             ... led by a gnoll sergeant
              (3 damage)
             ... on level 5 of the Dungeon.
             The game lasted 00:12:09 (4273 turns).

Zalbag the Magician (Djinni Fire Elementalist)      Turns: 4273, Time: 00:12:10

Health: -1/47      AC:  4    Str:  7    XL:     7   Next: 35%
Gold:   139        EV: 12    Int: 19    God:
                   SH:  0    Dex: 13

rFire   + + .        f - +0 dagger (elec)
rCold   x . .        (no shield)
rNeg    . . .        a - +0 robe
rPois   ∞            j - +1 helmet
rElec   .            (no cloak)
rCorr   .            (no gloves)
SInv    .            (boots unavailable)
Will    .....        (no amulet)
Stlth   ++           (no ring)
HPRegen 0.27/turn    (no ring)
MPRegen 0.00/turn

%: infuse magic (-2 HP)
@: flying
A: sickness immunity, fire resistance 2, cold vulnerability 1, float, innate
caster, HP casting, extra vitality 1
a: no special abilities


You were on level 5 of the Dungeon.
You visited 1 branch of the dungeon, and saw 5 of its levels.

You collected 139 gold pieces.

Inventory:

Hand Weapons
 f - a +0 dagger of electrocution (weapon)
Missiles
 g - 5 javelins
 i - 6 poisoned darts (quivered)
 p - a boomerang
Armour
 a - a +0 robe (worn)
 j - a +1 helmet (worn)
 q - a +1 leather armour of willpower
Scrolls
 c - a scroll of identify
 d - a scroll of poison {unknown}
 e - 2 scrolls of blinking
 h - a scroll of immolation
 m - 3 scrolls of teleportation {unknown}
 r - 2 scrolls of magic mapping {unknown}
 t - a scroll of torment {unknown}
Potions
 b - 2 potions of attraction {unknown}
 k - 3 potions of flight
 n - a potion of mutation
 o - 2 potions of ambrosia {unknown}
 s - a potion of brilliance {unknown}


   Skills:
 + Level 1.1 Fighting
 + Level 0.7 Short Blades
 + Level 2.6 Dodging
 + Level 1.9 Stealth
 + Level 5.7 Spellcasting


You knew the following spells:

 Your Spells              Type           Power      Damage    Failure   Level
a - Foxfire               Conj/Fire      100%       2x1d9     1%          1
b - Scorch                Fire           54%        2d7       1%          2
c - Volatile Blastmotes   Fire/Tloc      54%        2d14      3%          3
d - Inner Flame           Hex/Fire       27%        N/A       3%          3
e - Flame Wave            Conj/Fire      27%        2d9       11%         4
f - Beastly Appendage     Tmut           54%        N/A       1%          1
g - Call Imp              Summ           54%        N/A       1%          2
h - Ensorcelled Hibernat  Hex/Ice        54%        N/A       1%          2
Your spell library was empty.

Dungeon Overview and Level Annotations

Branches:
Dungeon (5/15)
 Temple: D:4-7

Altars:
Nemelex Xobeh
Yredelemnul
Zin

Annotations:
D:4 3 runed translucent doors, Masjack's ghost, novice MiBe; Pikel


Innate Abilities, Weirdness & Mutations

You are immune to sickness and miasma.
You are immune to poison.
Your flesh is very heat resistant. (rF++)
You are vulnerable to cold. (rC-)
You float through the air rather than walking.
You learn spells naturally, not from books.
Your magical power is your life essence.
You have superior vitality. (+4 MHP)


Message History

Unknown command.
The gnoll closely misses you.
Casting: Scorch (safe; 1% risk of failure)
Confirm with . or Enter, or press ? or * to list all spells.
A tiny devil pulls itself out of the air.
The lemure hits you.
A phantom comes into view.
The gnoll hits you from afar with a +0 spear.
Unknown command.
Casting: Call Imp (safe; 1% risk of failure)
Confirm with . or Enter, or press ? or * to list all spells.
Flames lash the hound.
The hound is severely wounded.
The hound's fire resistance burns away.
You hear a shout!
You hear an angry growl.
The lemure hits you. The gnoll hits you with a +0 whip.
The gnoll hits you from afar with a +0 spear!
Your cerulean imp barely misses the gnoll.
Casting: Scorch (safe; 1% risk of failure)
Confirm with . or Enter, or press ? or * to list all spells.
Flames lash the phantom.
The phantom is moderately damaged.
The phantom's fire resistance burns away.
* * * LOW HITPOINT WARNING * * *
The lemure barely misses you. The gnoll closely misses you.
The gnoll hits you but does no damage.
Your cerulean imp closely misses the gnoll.
The lemure attacks as you move away! The lemure hits you.
* * * LOW HITPOINT WARNING * * *
The gnoll closely misses you.
Your cerulean imp hits the gnoll but does no damage.
The gnoll barely misses you. The gnoll hits you with a +0 spear.
* * * LOW HITPOINT WARNING * * *
Your cerulean imp hits the gnoll with a -2 spear.
The gnoll attacks as you move away! The gnoll hits you with a +0 spear.
* * * LOW HITPOINT WARNING * * *
The lemure attacks as you move away! The lemure hits you.
* * * LOW HITPOINT WARNING * * *
The gnoll hits you from afar with a +0 spear.
You die...

.h.. #g.
#K######
#.#....#
###'#.<#.#
#.....)W.#
#.....g.h#
#....5g5.#
#.....@..#
#........#
##########


You could see a lemure, a phantom (combustible), a hound (combustible), 2 gnolls
and a friendly cerulean imp (summoned).

Vanquished Creatures
  A black bear (D:4)
  2 lemures
  A phantom (D:5)
  A hound (D:4)
  2 orc priests
  2 orc wizards (D:3)
  An iguana (D:4)
  Robin (D:2)
  3 adders
  An ufetubus (D:4)
  3 worms
  A dart slug (D:1)
  10 orcs
  6 ball pythons
  11 endoplasms
  3 giant cockroaches
  13 goblins
  8 hobgoblins
  7 jackals
  6 kobolds
  5 quokkas
  4 bats
  2 frilled lizards
  2 rats
96 creatures vanquished.

Vanquished Creatures (others)
  An orc wizard (D:3)
  61 foxfires
62 creatures vanquished.

Grand Total: 158 creatures vanquished

Notes
Turn   | Place    | Note
-------+----------+-------------------------------------------
     0 | D:1      | Zalbag the Djinni Fire Elementalist began the quest for the
                  | Orb.
     0 | D:1      | Zalbag set off with the following spells memorised:
                  | Foxfire, Scorch, Volatile Blastmotes, Inner Flame, Flame
                  | Wave.
     0 | D:1      | Reached XP level 1. HP: 15/15 MP: 0/0
    80 | D:1      | Reached XP level 2. HP: 16/21 MP: 0/0
   206 | D:1      | Found a faded altar of an unknown god.
   252 | D:1      | Reached skill level 3 in Spellcasting
   487 | D:1      | Reached XP level 3. HP: 25/25 MP: 0/0
   487 | D:1      | Learned a level 1 spell: Beastly Appendage
   669 | D:2      | Noticed Robin
   763 | D:2      | Killed Robin
   818 | D:2      | Reached XP level 4. HP: 29/31 MP: 0/0
  1156 | D:2      | Found a basalt altar of Yredelemnul.
  1191 | D:2      | Reached skill level 4 in Spellcasting
  1757 | D:3      | Reached XP level 5. HP: 34/35 MP: 0/0
  1757 | D:3      | Learned a level 2 spell: Call Imp
  2054 | D:3      | Found a sparkling altar of Nemelex Xobeh.
  2315 | D:3      | Reached XP level 6. HP: 10/40 MP: 0/0
  2484 | D:3      | Found a basalt altar of Yredelemnul.
  2531 | D:4      | Noticed a black bear
  2538 | D:4      | Killed a black bear
  2539 | D:4      | Reached skill level 5 in Spellcasting
  2816 | D:4      | Found a glowing silver altar of Zin.
  2987 | D:4      | Reached XP level 7. HP: 35/45 MP: 0/0
  2987 | D:4      | Learned a level 2 spell: Ensorcelled Hibernation
  3055 | D:4      | Found a runed translucent gate.
  3055 | D:4      | Found a runed translucent gate.
  3059 | D:4      | Found a runed translucent gate.
  3059 | D:4      | Noticed Masjack's ghost (novice MiBe)
  3584 | D:5      | Entered Level 5 of the Dungeon
  3590 | D:5      | Reached skill level 1 in Fighting
  3633 | D:5      | Noticed Pikel
  4007 | D:4      | HP: 2/47 [Pikel/+2 whip of flaming (11)]
  4273 | D:5      | HP: 1/47 [lemure[Pikel] (4)]
  4273 | D:5      | Slain by a gnoll

Illustrated notes

Levels and vault maps discovered:
D:1:      amcnicky_arrival_single_pillar, layout_loops_ring,
          nicolae_ecumenical_lake_church
D:2:      layout_loops_cross, basic_altar, uniq_robin
D:3:      layout_rooms, lemuel_coloured_pillars_altar,
          mainiacjoe_overflow_alcove_2, mainiacjoe_overflow_brackets,
          st_stairs_9
D:4:      layout_loops_cross, mainiacjoe_overflow_paths,
          ebering_ghost_rock_garden
D:5:      layout_basic, mainiacjoe_overflow_alcove_1, kennysheep_generic_room_8,
          uniq_pikel

Skill      XL: |  1  2  3  4  5  6  7 |
---------------+----------------------+-----
Spellcasting   | 3 4 5 |  5.7
Fighting       | 1 |  1.1
Short Blades   | |  0.7
Dodging        | |  2.6
Stealth        | |  1.9

Action                     |  1- 3 |  4- 6 |  7- 9 || total
---------------------------+-------+-------+-------++-------
  Melee: Dagger            |     7 |    38 |    14 ||    59
         Punch             |       |       |     1 ||     1
  Throw: Dart              |     7 |    12 |     1 ||    20
   Cast: Foxfire           |    15 |    24 |       ||    39
         Scorch            |    11 |    53 |    28 ||    92
         Volatile Blastmot |       |     4 |     2 ||     6
         Call Imp          |       |       |     2 ||     2
         Ensorcelled Hiber |       |       |     2 ||     2
    Use: Scroll            |       |     7 |     2 ||     9
   Stab: Sleeping          |     1 |     4 |     3 ||     8
 Armour: Robe              |     5 |    22 |    17 ||    44
  Dodge: Dodged            |     8 |    38 |    53 ||    99
